 Dungeon Sprint DCSS version 0.32-a0-450-g080537f31e (webtiles) character file.

Game seed: 3266617183599648585

2203 adelrune the Basher (level 9, -8/77 HPs)
             Began as a Formicid Fighter on Feb 23, 2024.
             Was an Elder of Cheibriados.
             Mangled by a boulder beetle (39 damage)
             ... in the Dungeon (Sprint IX: "|||||||||||||||||||||||||||||").
             The game lasted 00:02:21 (431 turns).

adelrune the Basher (Formicid Fighter)               Turns: 431, Time: 00:02:22

Health: -8/77      AC: 24    Str: 36    XL:     9   Next: 60%
Magic:  15/15      EV: 13    Int: 21    God:    Cheibriados [****..]
Gold:   0          SH:  8    Dex: 22    Spells: 8/8 levels left

rFire   . . .        k - +2 morningstar (protect)
rCold   . . .        c - +0 buckler
rNeg    . . .        n - +0 plate armour
rPois   .            (helmet unavailable)
rElec   .            m - +0 cloak
rCorr   .            l - +0 pair of gloves
SInv    +            (no boots)
Will    .....        (no amulet) Stlth
                     o - +3 ring of intelligence
HPRegen 0.32/turn    p - +3 ring of strength
MPRegen 0.14/turn

%: no passive effects
@: mighty, under a protective aura, very slow
A: permanent stasis, dig shafts and tunnels, antennae 3, four strong arms
a: Dig, Renounce Religion, Bend Time, Temporal Distortion, Slouch


You were in the Dungeon.
You worshipped Cheibriados.
Cheibriados was greatly pleased with you.
You visited 1 branch

Inventory:

Hand Weapons
 a - a +0 flail
 k - a +2 morningstar of protection (weapon)
Armour
 b - a +0 scale mail
 c - a +0 buckler (worn)
 l - a +0 pair of gloves (worn)
 m - a +0 cloak (worn)
 n - a +0 plate armour (worn)
Jewellery
 o - a +3 ring of intelligence (left hand)
 p - a +3 ring of strength (right hand)
Wands
 j - a wand of iceblast (10)
Scrolls
 i - 2 scrolls of amnesia
Potions
 e - 5 potions of curing
 g - 4 potions of magic
 h - a potion of invisibility


   Skills:
 + Level 9.6 Fighting
 * Level 11.4 Maces & Flails
 + Level 9.6 Armour
 + Level 7.1 Dodging
 + Level 11.1 Shields
 + Level 8.8 Invocations


You had 8 spell levels left.
You didn't know any spells.
Your spell library was empty.

Dungeon Overview and Level Annotations

Branches:
Dungeon (1/1)

Altars:
Cheibriados
Dithmenos
Elyvilon
Fedhas
Gozag
Hepliaklqana
Kikubaaqudgha
Makhleb
Nemelex Xobeh
Okawaru
Qazlal
Ru
Sif Muna
Trog
Uskayaw
Vehumet
Wu Jian
Xom
Yredelemnul
Zin
The Shining One
Beogh
Jiyva
Lugonu


Innate Abilities, Weirdness & Mutations

You cannot be hasted, slowed, berserked, paralysed or teleported.
You can dig through walls and to a lower floor.
You have a pair of large antennae on your head. (SInv)
Your four strong arms can wield two-handed weapons with a shield.


Message History

Cheibriados raises the support of your attributes as your movement slows.
The vampire mosquito bites you but does no damage.
Your Maces & Flails skill increases to level 11!
You closely miss the vampire mosquito. The ice encasing you melts away.
You block the vampire mosquito's attack.
The boulder beetle stops rolling and uncurls.
You puncture the vampire mosquito!
The vampire mosquito is moderately damaged.
The vampire mosquito barely misses you.
The vampire mosquito bites you but does no damage.
You closely miss the vampire mosquito.
The vampire mosquito is moderately damaged.
The vampire mosquito bites you but does no damage.
The vampire mosquito barely misses you.
You barely miss the vampire mosquito.
The vampire mosquito is moderately damaged.
You block the vampire mosquito's attack.
The vampire mosquito bites you but does no damage.
You puncture the vampire mosquito!
The vampire mosquito is heavily damaged.
You block the vampire mosquito's attack. x2
You impale the vampire mosquito!!
You destroy the vampire mosquito!
Cheibriados thoroughly appreciates the change of pace.
You can now inflict damage on those overly hasty.
Cheibriados raises the support of your attributes as your movement slows.
Your Dodging skill increases to level 7!
You bludgeon the wraith!!
The wraith is severely damaged.
You block the wraith's attack.
You bludgeon the wraith!!
You destroy the wraith!
Cheibriados appreciates the change of pace.
The boulder beetle curls into a ball and begins rolling!
Your Shields skill increases to level 11!
The boulder beetle hits you!!!
Ouch! That really hurt!
You die...
Cheibriados appreciates the motionlessness of death.

▓+▓
▓.▓
▓.▓
▓.▓
▓.▓
▓.▓
▓B▓
▓@▓
▓.▓
▓.▓
▓.▓
▓.▓
▓.▓
▓.▓
▓)▓
▓.▓


You could see a boulder beetle (rolling).

Vanquished Creatures
  An ugly thing (D)
  A manticore (D)
  A komodo dragon (D)
  A rime drake (shapeshifter) (D)
  A yak (D)
  4 wraiths (D)
  A vampire mosquito (D)
  A kobold brigand (D)
  An iguana (D)
  A gnoll (D)
  A ribbon worm (D)
  2 orcs (D)
  An endoplasm (D)
  2 goblins (D)
  A bat (D)
  A kobold (D)
21 creatures vanquished.

Notes
Turn   | Place    | Note
-------+----------+-------------------------------------------
     0 | D        | adelrune the Formicid Fighter began the quest for the Orb.
     0 | D        | Reached XP level 1. HP: 18/18 MP: 1/1
    26 | D        | Noticed an iguana
    35 | D        | Killed an iguana
    36 | D        | Reached skill level 1 in Dodging
    36 | D        | Reached skill level 5 in Shields
    36 | D        | Reached XP level 2. HP: 12/25 MP: 2/2
    36 | D        | Reached XP level 3. HP: 15/30 MP: 3/3
    62 | D        | Reached XP level 4. HP: 11/38 MP: 4/4
   169 | D        | Found a roughly hewn altar of Beogh.
   169 | D        | Found a snail-covered altar of Cheibriados.
   169 | D        | Found a shadowy altar of Dithmenos.
   169 | D        | Found a white marble altar of Elyvilon.
   169 | D        | Found a blossoming altar of Fedhas.
   169 | D        | Found an opulent altar of Gozag.
   170 | D        | Found a hazy altar of Hepliaklqana.
   171 | D        | Found a viscous altar of Jiyva.
   172 | D        | Found an ancient bone altar of Kikubaaqudgha.
   173 | D        | Became a worshipper of Cheibriados the Contemplative
   174 | D        | Found a corrupted altar of Lugonu.
   175 | D        | Found a burning altar of Makhleb.
   176 | D        | Found a sparkling altar of Nemelex Xobeh.
   177 | D        | Found an iron altar of Okawaru.
   178 | D        | Found a stormy altar of Qazlal.
   179 | D        | Found a sacrificial altar of Ru.
   180 | D        | Found a shimmering blue altar of Sif Muna.
   181 | D        | Found a bloodstained altar of Trog.
   182 | D        | Found a hide-covered altar of Uskayaw.
   183 | D        | Found a radiant altar of Vehumet.
   184 | D        | Found an ornate altar of the Wu Jian Council.
   185 | D        | Found a shimmering altar of Xom.
   186 | D        | Found a basalt altar of Yredelemnul.
   187 | D        | Found a glowing silver altar of Zin.
   188 | D        | Found a glowing golden altar of the Shining One.
   239 | D        | Noticed a yak
   239 | D        | Noticed a wraith
   239 | D        | Noticed a komodo dragon
   239 | D        | Noticed a kobold brigand
   239 | D        | Noticed a wraith
   239 | D        | Noticed a wraith
   251 | D        | Killed a wraith
   252 | D        | Reached skill level 5 in Fighting
   252 | D        | Reached skill level 5 in Armour
   252 | D        | Reached XP level 5. HP: 26/46 MP: 4/7
   257 | D        | Killed a wraith
   257 | D        | Reached * piety under Cheibriados
   258 | D        | Reached XP level 6. HP: 29/53 MP: 4/9
   261 | D        | HP: 2/53 [komodo dragon (13)]
   264 | D        | Killed a komodo dragon
   265 | D        | Reached skill level 5 in Dodging
   265 | D        | Reached skill level 5 in Invocations
   265 | D        | Reached XP level 7. HP: 17/60 MP: 5/11
   277 | D        | Killed a yak
   277 | D        | Reached ** piety under Cheibriados
   278 | D        | Reached XP level 8. HP: 17/68 MP: 7/12
   282 | D        | Killed a wraith
   394 | D        | Noticed a boulder beetle
   394 | D        | Noticed a wraith
   394 | D        | Noticed a meliai
   394 | D        | Noticed a cyan ugly thing
   394 | D        | Noticed a manticore
   395 | D        | a meliai changed into a salamander
   395 | D        | Noticed a salamander (shapeshifter)
   408 | D        | Killed a manticore
   408 | D        | Reached *** piety under Cheibriados
   409 | D        | Reached skill level 10 in Maces & Flails
   409 | D        | Reached skill level 10 in Shields
   410 | D        | a salamander changed into a rime drake
   410 | D        | Noticed a rime drake (shapeshifter)
   417 | D        | Killed a cyan ugly thing
   418 | D        | Reached XP level 9. HP: 40/76 MP: 13/15
   422 | D        | Killed a rime drake
   428 | D        | Reached **** piety under Cheibriados
   431 | D        | Mangled by a boulder beetle

Illustrated notes

Levels and vault maps discovered:
D:        linesprint [early_d, line_temple, items_1, d_10, items_2, lair_1,
          lair_end, items_3, orc_1, orc_end, items_4, d_15, swamp_1, shoals_1,
          snake_1, spider_1, d_20, vaults_1, items_5, swamp_end, shoals_end,
          snake_end, spider_end, vaults_end, d_27, items_6, zot_1, zot_end,
          crypt_end, forest_end, elf_end, slime_end, tomb_end, abyss_end,
          pan_hell_end]

Skill      XL: |  1  2  3  4  5  6  7  8  9 |
---------------+----------------------------+-----
Fighting       | 4 5 6 7 9 |  9.6
Maces & Flails | 4 6 7 8 9 10 11 | 11.4
Armour         | 4 5 6 7 9 |  9.6
Dodging        | 1 2 3 4 5 6 7 |  7.1
Shields        | 5 6 7 8 9 10 11 | 11.1
Invocations    | 3 4 5 6 8 |  8.8

Action                     |  1- 3 |  4- 6 |  7- 9 || total
---------------------------+-------+-------+-------++-------
  Melee: Flail             |    46 |       |       ||    46
         Morningstar       |       |    24 |    51 ||    75
    Use: Potion            |       |     1 |     3 ||     4
 Armour: Scale mail        |    20 |       |       ||    20
         Plate armour      |       |    18 |    43 ||    61
  Dodge: Dodged            |    27 |     4 |    19 ||    50
  Block: Buckler           |    11 |     5 |    19 ||    35

Table legend: (Time is in decaauts)
 A = Elapsed time spent in this place.
 B = Non-inter-level travel time spent in this place.
 C = Inter-level travel time spent in this place.
 D = Time resting spent in this place.
 E = Time spent auto-exploring this place.
 F = Levels seen in this place.
 G = Mean time per level.
                   A        B        C        D        E       F      G
               +--------+--------+--------+--------+--------+-----+--------+
         Total |    462 |    462 |      0 |    206 |      1 |   1 |  462.0 |
       Dungeon |    462 |    462 |      0 |    206 |      1 |   1 |  462.0 |
               +--------+--------+--------+--------+--------+-----+--------+

Top non-repeatable levels by time:
       D: 462 daAuts
